AoeStats
← Mr. Penis

MegaRandom

506496973Analyzed
4v4 RM · 18d ago on Sep 13, 2026· 47m 25s· 8 players
Game mode
Random Map
Map size
Large (8 player)
Population
200
Speed
Normal
Resources
Standard
Victory
Conquest
Starting age
Dark Age
Ending age
Imperial Age
RankedLock teamsTeams togetherTeam positionsShared explorationLock speedFull tech treeHidden civsTurbo modeCheats
Victory
Defeat
🇷🇺 Jurchens · Russia
1326
+15
🇧🇷 Huns · Brazil
1299
+16
🇲🇽 Vikings · Mexico
1268
+17
🇲🇽 Persians · Mexico
1264
+18
🇹🇼 Mongols · Taiwan
1376
-19
🇹🇼 Ethiopians · Taiwan
1295
-16
🇹🇼 Khmer · Taiwan
1276
-16
🇮🇹 Italians · Italy
1256
-15
小浮兒
7:02 Loom
9:57 Feudal Age
10:31 Double-Bit Axe
13:07 Fletching
15:31 Town Watch
23:29 Gold Mining
26:48 Castle Age
26:07 Wheelbarrow
25:40 Padded Archer Armor
27:45 Thumb Ring
27:02 Crossbowman
27:44 Bodkin Arrow
28:10 Bow Saw
28:44 Horse Collar
31:03 Ballistics
35:02 Imperial Age
32:53 Stone Mining
33:26 Town Watch
35:08 Arbalester
36:05 Bracer
42:08 Chemistry
43:38 Leather Archer Armor
44:00 Siege Engineers
45:38 Siege Engineers
46:46 Conscription
Herbert Prohaska
7:49 Loom
12:28 Feudal Age
18:08 Castle Age
21:29 Thumb Ring
23:39 Ballistics
26:50 Fletching
27:01 Padded Archer Armor
29:19 Horse Collar
36:00 Imperial Age
37:47 Chemistry
36:52 Bodkin Arrow
37:13 Leather Archer Armor
飛衫走奶
6:43 Loom
9:17 Feudal Age
10:25 Double-Bit Axe
11:56 Forging
12:52 Horse Collar
14:06 Wheelbarrow
19:53 Castle Age
18:37 Bloodlines
19:30 Scale Barding Armor
21:13 Hand Cart
21:15 Husbandry
20:36 Light Cavalry
24:52 Fletching
26:12 Padded Archer Armor
26:14 Bodkin Arrow
26:22 Padded Archer Armor
28:41 Leather Archer Armor
31:48 Fervor
32:10 Ballistics
32:45 Iron Casting
34:58 Imperial Age
33:50 Bow Saw
33:42 Heavy Plow
33:33 Gold Mining
35:05 Elite Mangudai
36:07 Conscription
36:39 Bracer
38:03 Chemistry
37:46 Drill
39:41 Iron Casting
38:28 Hussar
43:58 Blast Furnace
43:19 Chain Barding Armor
45:31 Parthian Tactics
44:27 Elite Skirmisher
cccccccccc
6:06 Loom
12:11 Feudal Age
12:17 Feudal Age
16:36 Bloodlines
19:35 Horse Collar
25:32 Castle Age
26:42 Husbandry
28:57 Scale Barding Armor
30:11 Chain Barding Armor
33:04 Double-Bit Axe
33:20 Heavy Plow
42:29 Imperial Age
40:37 Wheelbarrow
40:48 Forging
42:25 Hand Cart
42:30 Gold Mining
42:52 Bow Saw
43:35 Iron Casting
42:55 Cavalier
44:16 Plate Barding Armor
47:31 Conscription
47:17 Tusk Swords
49:02 Blast Furnace
mauricio
0:50 Loom
10:15 Feudal Age
11:26 Double-Bit Axe
11:50 Town Watch
14:15 Fletching
20:05 Castle Age
19:47 Padded Archer Armor
20:52 Bodkin Arrow
21:18 Bow Saw
23:18 Horse Collar
27:07 Ballistics
35:28 Imperial Age
33:57 Leather Archer Armor
33:52 Stone Mining
33:53 Gold Mining
34:17 Heavy Plow
34:15 Crossbowman
35:05 Fishing Lines
37:13 Chemistry
36:25 Masonry
35:39 Arbalester
37:15 Town Patrol
37:02 Treadmill Crane
37:28 Bracer
37:59 Ring Archer Armor
39:30 Two-Man Saw
39:32 Bogsveigar
41:33 Gold Shaft Mining
41:28 Conscription
43:20 Siege Engineers
42:43 Elite Longship
44:14 Elite Cannon Galleon
45:14 Scale Mail Armor
45:25 Forging
45:53 Coinage
47:44 Banking
Dimplymarshall
6:47 Loom
11:33 Feudal Age
15:58 Castle Age
13:49 Double-Bit Axe
16:44 Bow Saw
17:40 Wheelbarrow
19:53 Forging
22:11 Horse Collar
22:53 Squires
24:22 Heavy Plow
27:38 Fishing Lines
27:58 Town Watch
29:40 Fervor
30:39 Scale Mail Armor
31:04 Gillnets
31:47 Hand Cart
31:31 Gold Mining
32:35 Bloodlines
33:43 Gold Shaft Mining
36:31 Imperial Age
34:22 Husbandry
34:33 Scale Barding Armor
34:37 Stone Mining
36:50 Iron Casting
36:59 Chain Barding Armor
37:09 Masonry
37:24 Conscription
38:13 Hoardings
38:03 Elite War Elephant
40:09 Plate Barding Armor
44:11 Blast Furnace
44:10 Devotion
45:05 Fletching
K
2:27 Loom
10:28 Feudal Age
10:59 Double-Bit Axe
15:16 Fletching
33:24 Castle Age
34:19 Bodkin Arrow
45:46 Imperial Age
44:12 Padded Archer Armor
45:04 Elite Skirmisher
45:48 Capped Ram
47:28 Bracer
Mr. Penis
11:31 Feudal Age
16:51 Castle Age
15:21 Double-Bit Axe
17:02 Gold Mining
18:40 Bow Saw
19:13 Sanctity
19:03 Fervor
18:47 Loom
19:38 Wheelbarrow
22:17 Fishing Lines
22:24 Horse Collar
23:15 Hand Cart
22:46 Town Watch
30:05 Bloodlines
29:55 Husbandry
35:54 Gold Shaft Mining
35:10 Stone Mining
37:36 Scale Barding Armor
37:41 Forging
40:45 Imperial Age
39:52 Coinage
39:29 Scale Barding Armor
39:15 Fletching
40:04 Iron Casting
39:33 Gillnets
42:09 Banking
41:50 Guilds
42:02 Chain Barding Armor
42:06 Conscription
43:51 Blast Furnace
44:55 Stone Shaft Mining
45:56 Plate Barding Armor
46:07 Hoardings
45:33 Fortified Bastions
45:52 Elite Steppe Lancer
Connection lost

Rejoining the realm…

Still unreachable

The connection could not be restored.

Session expired

The server has moved on; the page needs a fresh start.